 Dungeon Crawl Stone Soup version 0.27.1-1-g398f81649c (webtiles) character file.

Game seed: 8541833988297070768

1977 MisterFreud the Shield-Bearer (level 9, 0/109 HPs)
             Began as a Gnoll Fighter on Sept 7, 2021.
             Was a Believer of Trog.
             Slain by a hornet (6 damage)
             ... on level 7 of the Dungeon.
             The game lasted 00:08:35 (6850 turns).

MisterFreud the Shield-Bearer (Gnoll Fighter)       Turns: 6850, Time: 00:08:36

Health: 0/109      AC:  9    Str: 16    XL:     9   Next: 20%
Magic:  15/15      EV:  9    Int:  9    God:    Trog [**....]
Gold:   47         SH: 15    Dex: 13    Spells: 16/16 levels left

rFire    . . .     SeeInvis .   t - +2 dagger (venom)
rCold    . . .     Faith    .   c - +0 kite shield
rNeg     . . .     Spirit   .   b - +0 scale mail
rPois    .         Reflect  +   (no helmet)
rElec    .         Harm     .   (no cloak)
rCorr    .         Rampage  .   (no gloves)
Will     ++...                  i - +0 pair of boots
Stlth    ..........             m - amulet of reflection
HPRegen  1.28/turn              (no ring)
MPRegen  0.14/turn              (no ring)

@: berserking, lethally poisoned (0 -> 0), strong-willed (expiring),
regenerating (expiring), slowed
A: fangs 1, strong nose, distributed training
a: Renounce Religion, Berserk, Trog's Hand


You were on level 7 of the Dungeon.
You worshipped Trog.
Trog was pleased with you.
You visited 1 branch of the dungeon, and saw 7 of its levels.
You also visited: Sewer.

You collected 371 gold pieces.
You spent 324 gold pieces at shops.

Inventory:

Hand Weapons
 a - a +0 rapier
 t - a +2 dagger of venom (weapon)
 G - a +2 short sword of protection
Missiles
 h - 4 curare-tipped darts (quivered)
 A - 21 javelins
Armour
 b - a +0 scale mail (worn)
 c - a +0 kite shield (worn)
 i - a +0 pair of boots (worn)
Jewellery
 m - an amulet of reflection (around neck)
 B - a +6 ring of intelligence
 E - a ring of protection from cold
Wands
 r - a wand of polymorph (5)
 w - a wand of mindburst (24)
 D - a wand of charming (10)
 F - a wand of iceblast (7)
Scrolls
 f - 2 scrolls of fear {unknown}
 g - a scroll of blinking {unknown}
 j - 4 scrolls of identify {unknown}
 k - 3 scrolls of magic mapping {unknown}
 l - 3 scrolls of teleportation {unknown}
 o - a scroll of silence {unknown}
 p - a scroll of brand weapon {unknown}
 s - a scroll of holy word {unknown}
 x - a scroll of noise {unknown}
 y - 2 scrolls of fog {unknown}
 z - a scroll of enchant weapon {unknown}
 H - a scroll of acquirement {unknown}
Potions
 d - 4 potions of might
 e - 3 potions of heal wounds {unknown}
 n - 4 potions of flight
 q - 4 potions of curing
 u - 2 potions of mutation {unknown}
 v - 2 potions of brilliance {unknown}
 C - a potion of berserk rage
 I - a potion of haste
 J - a potion of lignification
 K - a potion of attraction


   Skills:
 + Level 7.7 Fighting
 + Level 6.1 Short Blades
 + Level 4.0 Long Blades
 + Level 4.0 Axes
 + Level 4.0 Maces & Flails
 + Level 4.0 Polearms
 + Level 4.0 Staves
 + Level 4.0 Slings
 + Level 4.0 Bows
 + Level 4.0 Crossbows
 + Level 4.0 Throwing
 + Level 7.7 Armour
 + Level 4.0 Dodging
 + Level 4.0 Stealth
 + Level 7.7 Shields
 + Level 4.0 Unarmed Combat
 + Level 4.0 Spellcasting
 + Level 3.3 Conjurations
 + Level 3.3 Hexes
 + Level 3.3 Summonings
 + Level 3.3 Necromancy
 + Level 3.3 Translocations
 + Level 3.3 Transmutations
 + Level 3.3 Fire Magic
 + Level 3.3 Ice Magic
 + Level 3.3 Air Magic
 + Level 3.3 Earth Magic
 + Level 3.3 Poison Magic
 + Level 4.4 Invocations
 + Level 4.0 Evocations


You had 16 spell levels left.
You didn't know any spells.
Your spell library was empty.

Dungeon Overview and Level Annotations

Branches:
Dungeon (7/15)             Temple (0/1) D:5           Sewer (visited)

Altars:
Trog
Uskayaw
Xom
The Shining One

Shops:
D:7 !


Innate Abilities, Weirdness & Mutations

You have very sharp teeth.
Your uncanny sense of smell can sniff out nearby items.
Your experience applies equally to all skills.


Message History

The sky beast is almost dead.
You kill the sky beast!
Trog accepts your kill.
A red film seems to cover your vision as you go berserk!
You feel yourself moving faster!
You feel mighty! The hornet closely misses you. The hornet stings you.
* * * LOW HITPOINT WARNING * * *
You feel yourself slow down.
You hit the hornet.
The hornet is poisoned.
The hornet is lightly wounded.
The hornet stings you.
* * * LOW HITPOINT WARNING * * *
You suddenly lose the ability to move!
You feel yourself speed up. The hornet stings you.
* * * LOW HITPOINT WARNING * * *
You are poisoned.
You feel yourself slow down.
You feel very sick. The hornet completely misses you.
The hornet stings you but does no damage.
You feel the effects of Trog's Hand fading.
You feel sick. The hornet stings you.
* * * LOW HITPOINT WARNING * * *
You feel as though you will be slow longer.
You can move again.
Unknown command.
You barely miss the hornet.
The hornet is heavily wounded.
You feel sick. The hornet stings you!
* * * LOW HITPOINT WARNING * * *
You feel as though you will be slow longer.
You completely miss the hornet.
The hornet is heavily wounded.
You feel sick.
The hornet stings you but does no damage. x2
You closely miss the hornet.
The hornet is heavily wounded.
You feel sick. The hornet stings you.
You die...

###.########.#......
#.# #........###..
#.###........# #..
#............# #..
#............# ###
#............#
#............#
#######........#
#..@y..........#
#.###..........#
#..$.......#+###
#..........#
#.........##
#.........#
#...........
#.........#.
.........# ∆


You could see a hornet (very poisoned).

Vanquished Creatures
  Prince Ribbit (D:5)
  2 sky beasts
  Purgy (Sewer)
  An ice beast (D:6)
  A necrophage (D:6)
  3 ogres
  A kobold brigand (D:7)
  2 bullfrogs
  3 scorpions
  A wyvern skeleton (D:7)
  2 centaur zombies
  A bullfrog zombie (D:5)
  4 hounds
  2 bullfrog skeletons (D:6)
  2 gnoll shamans
  An orc priest (D:4)
  An orc wizard (D:6)
  A killer bee zombie (D:7)
  13 gnolls
  A howler monkey skeleton (D:7)
  2 adders
  A river rat (D:6)
  A shadow imp (D:5)
  A white imp (D:6)
  An ufetubus (D:7)
  An adder skeleton (D:4)
  3 worms
  A dart slug (D:4)
  11 orcs
  7 bats
  4 endoplasms
  4 giant cockroaches
  6 hobgoblins
  2 jackals (D:3)
  12 kobolds
  2 quokkas (D:3)
  8 ball pythons
  3 frilled lizards
  9 goblins
  4 rats
127 creatures vanquished.

Vanquished Creatures (others)
  4 plants (D:1)
4 creatures vanquished.

Grand Total: 131 creatures vanquished

Notes
Turn   | Place    | Note
-------+----------+-------------------------------------------
     0 | D:1      | MisterFreud the Gnoll Fighter began the quest for the Orb.
     0 | D:1      | Reached XP level 1. HP: 23/23 MP: 1/1
   162 | D:1      | Reached XP level 2. HP: 29/29 MP: 2/2
   662 | D:3      | Reached XP level 3. HP: 32/35 MP: 3/3
  1095 | D:2      | Reached skill level 1 in Invocations
  1118 | D:1      | Reached skill level 1 in Long Blades
  1118 | D:1      | Reached skill level 1 in Axes
  1118 | D:1      | Reached skill level 1 in Maces & Flails
  1118 | D:1      | Reached skill level 1 in Polearms
  1118 | D:1      | Reached skill level 1 in Staves
  1118 | D:1      | Reached skill level 1 in Slings
  1118 | D:1      | Reached skill level 1 in Bows
  1118 | D:1      | Reached skill level 1 in Crossbows
  1118 | D:1      | Reached skill level 1 in Throwing
  1118 | D:1      | Reached skill level 1 in Dodging
  1118 | D:1      | Reached skill level 1 in Stealth
  1118 | D:1      | Reached skill level 1 in Unarmed Combat
  1118 | D:1      | Reached skill level 1 in Spellcasting
  1118 | D:1      | Reached skill level 1 in Evocations
  1171 | D:1      | Reached XP level 4. HP: 41/41 MP: 5/5
  1457 | D:3      | Reached skill level 1 in Conjurations
  1457 | D:3      | Reached skill level 1 in Hexes
  1457 | D:3      | Reached skill level 1 in Summonings
  1457 | D:3      | Reached skill level 1 in Necromancy
  1457 | D:3      | Reached skill level 1 in Translocations
  1457 | D:3      | Reached skill level 1 in Transmutations
  1457 | D:3      | Reached skill level 1 in Fire Magic
  1457 | D:3      | Reached skill level 1 in Ice Magic
  1457 | D:3      | Reached skill level 1 in Air Magic
  1457 | D:3      | Reached skill level 1 in Earth Magic
  1457 | D:3      | Reached skill level 1 in Poison Magic
  1760 | D:3      | Noticed a scorpion
  1777 | D:3      | Killed a scorpion
  1778 | D:3      | Reached XP level 5. HP: 41/47 MP: 5/7
  1962 | D:3      | Noticed an ogre
  1962 | D:3      | Noticed an ogre
  1968 | D:3      | Killed an ogre
  1969 | D:3      | Reached XP level 6. HP: 53/53 MP: 8/8
  1978 | D:3      | Reached skill level 5 in Short Blades
  2090 | D:3      | Found a faded altar of an unknown god.
  2188 | D:3      | Became a worshipper of Trog the Wrathful
  2188 | D:3      | Reached * piety under Trog
  2448 | D:4      | Noticed a +0 spear
  2448 | D:4      | Noticed a +0 dagger
  2448 | D:4      | Noticed a +0 falchion
  2448 | D:4      | Noticed a +0 short sword
  2450 | D:4      | Noticed a +0 short sword
  2451 | D:4      | Noticed a +0 spear
  2454 | D:4      | Noticed a +0 dagger
  2462 | D:4      | Noticed a +0 falchion
  2589 | D:4      | Found a hide-covered altar of Uskayaw.
  3335 | D:4      | Found a glowing golden altar of the Shining One.
  3467 | D:5      | Entered Level 5 of the Dungeon
  3477 | D:5      | Reached XP level 7. HP: 54/59 MP: 10/10
  3509 | D:5      | Found a staircase to the Ecumenical Temple.
  3722 | D:5      | Noticed Prince Ribbit
  3753 | D:5      | Killed Prince Ribbit
  3788 | D:5      | Reached XP level 8. HP: 26/67 MP: 12/12
  5374 | D:6      | Found a shimmering altar of Xom.
  5410 | D:6      | Found a glowing drain.
  5416 | D:6      | Reached ** piety under Trog
  5440 | Sewer    | Entered a sewer
  5472 | Sewer    | Noticed Purgy
  5480 | Sewer    | Killed Purgy
  5590 | D:6      | Found a shimmering altar of Xom.
  5591 | D:6      | Found a shimmering altar of Xom.
  5592 | D:6      | Found a shimmering altar of Xom.
  5592 | D:6      | Found a shimmering altar of Xom.
  5592 | D:6      | Found a shimmering altar of Xom.
  5593 | D:6      | Found a shimmering altar of Xom.
  6527 | D:7      | Reached XP level 9. HP: 72/72 MP: 14/14
  6672 | D:7      | Found Cuahek's Distillery.
  6681 | D:7      | Bought a potion of haste for 120 gold pieces
  6681 | D:7      | Bought 2 potions of might for 96 gold pieces
  6681 | D:7      | Bought a potion of lignification for 36 gold pieces
  6681 | D:7      | Bought a potion of flight for 36 gold pieces
  6681 | D:7      | Bought a potion of attraction for 36 gold pieces
  6812 | D:7      | Noticed a hornet
  6844 | D:7      | Paralysed by a hornet for 3 turns
  6850 | D:7      | Slain by a hornet

Illustrated notes

Levels and vault maps discovered:
D:1:      psy_arrival_terrarium, layout_basic, serial_forest,
          infiniplex_forest_end_3, infiniplex_forest_lined_2,
          infiniplex_forest_lined_room_2, infiniplex_forest_split,
          infiniplex_forest_straight_3, infiniplex_forest_end_2,
          infiniplex_forest_straight_1, infiniplex_forest_end_3
D:2:      layout_rooms, serial_park_tiny_1
D:3:      layout_basic, dreamdust_ecumenical_altar_hidden_monk_grotto,
          hangedman_decor_riveting, minmay_misc_feat_ornament, minivault_14,
          minmay_misc_feat_alley, minmay_pentangle
D:4:      minmay_spotlight, layout_basic, tso_metal_star,
          nicolae_uskayaw_en_pointe
D:5:      layout_basic, minmay_temple_entry_waves, kennysheep_generic_room_13,
          uniq_prince_ribbit1
D:6:      layout_basic, xom_redecorated, portal_sewer_entry_c
D:7:      layout_basic, serial_shops, nicolae_shop_stone

Skill      XL: |  1  2  3  4  5  6  7  8  9 |
---------------+----------------------------+-----
Invocations    | 1 2 3 4 |  4.4
Long Blades    | 1 2 3 4 |  4.0
Axes           | 1 2 3 4 |  4.0
Maces & Flails | 1 2 3 4 |  4.0
Polearms       | 1 2 3 4 |  4.0
Staves         | 1 2 3 4 |  4.0
Slings         | 1 2 3 4 |  4.0
Bows           | 1 2 3 4 |  4.0
Crossbows      | 1 2 3 4 |  4.0
Throwing       | 1 2 3 4 |  4.0
Dodging        | 1 2 3 4 |  4.0
Stealth        | 1 2 3 4 |  4.0
Unarmed Combat | 1 2 3 4 |  4.0
Spellcasting   | 1 2 3 4 |  4.0
Evocations     | 1 2 3 4 |  4.0
Conjurations   | 1 2 3 |  3.3
Hexes          | 1 2 3 |  3.3
Summonings     | 1 2 3 |  3.3
Necromancy     | 1 2 3 |  3.3
Translocations | 1 2 3 |  3.3
Transmutations | 1 2 3 |  3.3
Fire Magic     | 1 2 3 |  3.3
Ice Magic      | 1 2 3 |  3.3
Air Magic      | 1 2 3 |  3.3
Earth Magic    | 1 2 3 |  3.3
Poison Magic   | 1 2 3 |  3.3
Short Blades   | 5 6 |  6.1
Fighting       | 7 |  7.7
Armour         | 7 |  7.7
Shields        | 7 |  7.7

Action                   |  1- 3 |  4- 6 |  7- 9 || total
-------------------------+-------+-------+-------++-------
Melee: Rapier            |    82 |    83 |       ||   165
       Bite              |    10 |    21 |    43 ||    74
       Dagger            |       |    82 |   382 ||   464
Throw: Dart              |       |     3 |       ||     3
Invok: Berserk           |       |       |     2 ||     2
       Trog's Hand       |       |       |     2 ||     2
 Stab: Distracted        |       |       |     1 ||     1
Armor: Scale mail        |    14 |    24 |    95 ||   133
Dodge: Dodged            |    11 |    22 |    84 ||   117
Block: Kite shield       |    56 |   110 |   271 ||   437
       Reflection        |       |     1 |     1 ||     2
